Cogmind - Beta 16.1 @@@ ROGUE MODE // 2026.02.22 @ 09:44:38 Player: MrFartsburg Result: Core destroyed Performance ------------- Evolutions (1) 500 Regions Visited (2) 400 Robots Destroyed (18) 90 Value Destroyed (401) 401 Prototype IDs (4) 80 Alien Tech Used (0) 0 Bonus (200) 200 TOTAL SCORE: 1671 Bonus ------- Pacifist 200 Cogmind --------- Core Integrity 0/400 Matter 300/300 Energy 290/305 System Corruption 0% Temperature Critical (575) Movement Hovering (52) Location -9/Materials Parts ------- > --- POWER (2) -------- Light Ion Engine Cooled Ion Engine > --- PROPULSION (3) --- Airjet Airjet Airjet > --- UTILITY (2) ------ Machine Analyzer Reaction Control System > --- WEAPON (2) ------- Beam Rifle Improved Medium Laser > --- INVENTORY (5) ---- Airjet Improved EM Shotgun Improved EM Shotgun Improved Assault Rifle Peak State ------------ > --- POWER ------------ Light Ion Engine Cooled Ion Engine > --- PROPULSION ------- Airjet Airjet Airjet > --- UTILITY ---------- Machine Analyzer Reaction Control System > --- WEAPON ----------- Beam Rifle Improved Medium Laser > --- INVENTORY -------- Airjet Terrain Scanner Improved EM Shotgun Improved EM Shotgun [Rating: 25] Favorites ----------- Power Ion Engine Engine Ion Engine Propulsion Aluminum Leg Leg Aluminum Leg Hover Unit Airjet Flight Unit Improved Flight Unit Utility Terrain Scanner Device Terrain Scanner Processor Machine Analyzer Weapon EM Pulse Gun Energy Gun EM Pulse Gun Build | -11 -10 -9 ------- Run | Yrd Mat Mat Slots Evolved 2 | . . 2 Power 1 | . . 1 Propulsion 1 | . . 1 Utility . | . . . Weapon . | . . . Parts Attached 24 | 5 1 18 Power 4 | 1 . 3 Engine 4 | 1 . 3 Core . | . . . Reactor . | . . . Propulsion 9 | 2 . 7 Treads . | . . . Leg 5 | 2 . 3 Wheel . | . . . Hover 3 | . . 3 Flight 1 | . . 1 Utility 5 | . 1 4 Device 4 | . 1 3 Storage . | . . . Processor 1 | . . 1 Hackware . | . . . Protection . | . . . Artifact . | . . . Weapon 6 | 2 . 4 Energy Gun 6 | 2 . 4 Energy Cannon . | . . . Ballistic Gun . | . . . Ballistic Cannon . | . . . Launcher . | . . . Special Weapon . | . . . Impact Weapon . | . . . Slashing Weapon . | . . . Piercing Weapon . | . . . Special Melee Weapon . | . . . Unidentified Prototypes 4 | . . 4 Parts Lost 6 | . . 6 Power 1 | . . 1 Propulsion 2 | . . 2 Utility 1 | . . 1 Weapon 2 | . . 2 Highest Loss Streak 4 | . . 4 To Critical Strikes . | . . . Average Backups 1 | . . 1 Power . | . . . Propulsion . | . . . Utility . | . . . Weapon . | . . . Tool/Special . | . . . Unused Backups 4 | . . 4 Power . | . . . Propulsion 1 | . . 1 Utility . | . . . Weapon 3 | . . 3 Tool/Special . | . . . Average Slot Usage (%) 81 | . 81 81 Engine 16 | . 14 17 Leg 20 | . 28 16 Hover 6 | . . 9 Device 12 | . 10 13 Processor 2 | . . 3 Energy Gun 22 | . 28 19 Peak Build Rating 25 | 5 6 25 Average Rating 9 | 3 5 12 On Entrance 3 | . 5 6 Avg Prop Armor Cover (%) 6 | . . 6 Naked Turns . | . . . Heaviest Build 18 | 9 10 18 Greatest Support 30 | 20 20 30 Greatest Overweight (x) 2 | 1 . 2 Average Overweight (x) . | . . . Largest Inventory Capacity 5 | 5 5 5 Average Capacity 5 | 5 5 5 Most Carried 5 | 2 1 5 Average Carried 1 | . . 2 Final Capacity 5 | 5 5 5 Final Carried 4 | . . 4 Class Distribution -------------------- 82% | Mutant 17% | Scavenger-Mutant Dominant Class ---------------- Mutant | -10/Materials Mutant | -9/Materials Resources | -11 -10 -9 ----------- Run | Yrd Mat Mat Matter Collected 489 | 221 39 229 Remotely . | . . . Salvage Created 582 | . . 582 Parts 36 | . . 36 Haulers Intercepted 2 | . . 2 Recyclers Shooed . | . . . Parts Field Recycled . | . . . Retrieved Matter . | . . . Parts Self-Destructed . | . . . Prevented . | . . . Parts Restored . | . . . Kills | -11 -10 -9 ------- Run | Yrd Mat Mat Combat Hostiles Destroyed 13 | . . 13 Guns 12 | . . 12 Classes Destroyed 6 | . . 6 Worker 2 | . . 2 Hauler 2 | . . 2 Watcher 1 | . . 1 Swarmer 4 | . . 4 Grunt 6 | . . 6 Sentry 3 | . . 3 Best Kill Streak 11 | . . 11 Combat Bots Only 8 | . . 8 Max Kills in Single Turn 2 | . . 2 Gunslinging . | . . . Exploded . | . . . Melee . | . . . Uniques/NPCs Destroyed . | . . . Combat | -11 -10 -9 -------- Run | Yrd Mat Mat Hostile Shots Fired 94 | . . 94 Missed 33 | . . 33 Hits 61 | . . 61 Projectile 61 | . . 61 AOE 1 | . . 1 Damage Taken 1061 | . . 1061 Core 409 | . . 409 Absorbed by Shields . | . . . Core Remaining (%) 100 | 100 100 . Volleys Fired 44 | . . 44 Largest 2 | . . 2 Hottest 112 | . . 112 Shots Fired 70 | . . 70 Gun 70 | . . 70 Cannon . | . . . Launcher . | . . . Special . | . . . Kinetic . | . . . Thermal 60 | . . 60 Explosive . | . . . Electromagnetic 10 | . . 10 Robot Hit Streak 7 | . . 7 Robot Miss Streak 4 | . . 4 Penetration Max . | . . . Secondary Targets 3 | . . 3 Max Gunslinging Chain 1 | . . 1 Shots Hit Robots 45 | . . 45 Core Hits 29 | . . 29 Critical Kills . | . . . Critical Parts Destroyed . | . . . Critical Strikes . | . . . Melee Attacks . | . . . Impact . | . . . Slashing . | . . . Piercing . | . . . Sneak Attacks . | . . . Combat Hostiles . | . . . Follow-up Attacks . | . . . Damage Inflicted 845 | . . 845 Guns 666 | . . 666 Cannons . | . . . Explosions 161 | . . 161 Melee . | . . . Ramming 18 | . . 18 Kinetic . | . . . Thermal 688 | . . 688 Explosive . | . . . Electromagnetic 139 | . . 139 Impact . | . . . Slashing . | . . . Piercing . | . . . Highest Corruption . | . . . Average Corruption . | . . . Corruption Purged . | . . . Corruption Blocked . | . . . Overload Shots . | . . . Overflow Damage 11 | . . 11 Projectiles . | . . . Explosions 11 | . . 11 Melee . | . . . Knockbacks . | . . . Impact . | . . . Kinetic . | . . . Secondary . | . . . Self-Inflicted Damage 65 | . . 65 Shots 1 | . . 1 Rammed 1 | . . 1 Targets Rammed 1 | . . 1 Kicked . | . . . Crushed . | . . . Highest Temperature 575 | . . 575 Average Temperature 189 | . . 189 Received Heat Transfer 312 | . . 312 Effects 17 | . . 17 Shutdowns 5 | . . 5 Energy Bleed 1 | . . 1 Interference 3 | . . 3 Matter Decay 1 | . . 1 Damage (major) 4 | . . 4 Damage (core) 3 | . . 3 Siege Activations . | . . . Martial Activations . | . . . Shielding Activations . | . . . Robots Disrupted . | . . . Combat Hostiles . | . . . Robots Corrupted . | . . . Combat Hostiles . | . . . Parts Fried 1 | . . 1 Impact Corruptions . | . . . Robots Melted 1 | . . 1 Combat Hostiles 1 | . . 1 Parts Melted 4 | . . 4 Heat Transferred 1476 | . . 1476 Parts Sabotaged . | . . . Parts Stolen . | . . . Parts Stripped . | . . . Power Chain Reactions 1 | . . 1 Alert | -11 -10 -9 ------- Run | Yrd Mat Mat Maximum Alert Level 1 | . . 1 Low Security (%) 98 | 100 100 97 Level 1 1 | . . 2 Level 2 . | . . . Level 3 . | . . . Level 4 . | . . . Level 5 . | . . . High Security . | . . . Max Security . | . . . Peak Influence 211 | . 14 211 Initial . | . . . Average 34 | . 2 56 Influence Increases 377 | . 14 363 Destroy 0b10 Robot/C 260 | . . 260 Destroy 0b10 Robot/NC 25 | . . 25 Destroy Leader 56 | . . 56 Successful Hack 14 | . 14 . Destroy Structure 7 | . . 7 Lose Combat Pursuer 15 | . . 15 Influence Decreases 166 | . 14 152 Time Decay 144 | . 14 130 Lost Part 22 | . . 22 Squads Dispatched 1 | . . 1 Investigation . | . . . Extermination . | . . . Reinforcement 1 | . . 1 Assault . | . . . Garrison . | . . . Intercept . | . . . Searches Triggered . | . . . Construction Impeded . | . . . Haulers Reinforced . | . . . Active Scanning Responses . | . . . Cargo Convoy Interrupts . | . . . Stealth | -11 -10 -9 --------- Run | Yrd Mat Mat Distress Signals 1 | . . 1 Communications Jammed . | . . . Distress Signals . | . . . Times Spotted 23 | . . 23 Peak Tracking Total 6 | . . 6 Tactical Retreats 1 | . . 1 Traps | -11 -10 -9 ------- Run | Yrd Mat Mat Traps Triggered . | . . . Indirectly . | . . . Trap Hack Attempts . | . . . Triggered . | . . . Disarmed . | . . . Reprogrammed . | . . . Reused . | . . . Traps Extracted . | . . . Installed . | . . . Triggered . | . . . Machines | -11 -10 -9 ---------- Run | Yrd Mat Mat Machines Disabled . | . . . Max in Single Turn . | . . . Machines Repaired . | . . . Machines Dismantled . | . . . Machines Sabotaged . | . . . Overloaded Fab Kills . | . . . Hacking | -11 -10 -9 --------- Run | Yrd Mat Mat Machines Accessed 2 | . 1 1 Terminals 1 | . 1 . Fabricators . | . . . Repair Stations . | . . . Recycling Units 1 | . . 1 Scanalyzers . | . . . Garrison Access . | . . . Total Hacks 4 | . 2 2 Successful 3 | . 1 2 Failed 1 | . 1 . Catastrophic . | . . . Database Lockouts . | . . . Manual . | . . . Terminals 2 | . 2 . Fabricators . | . . . Repair Stations . | . . . Recycling Units 2 | . . 2 Scanalyzers . | . . . Garrison Access . | . . . Terminal Hacks 1 | . 1 . Locate Traps 1 | . 1 . Fabricator Hacks . | . . . Repair Station Hacks . | . . . Recycling Unit Hacks 2 | . . 2 Process 1 | . . 1 Report Inventory 1 | . . 1 Scanalyzer . | . . . Garrison Access Hacks . | . . . Unauthorized Hacks . | . . . Terminals . | . . . Fabricators . | . . . Repair Stations . | . . . Recycling Units . | . . . Scanalyzers . | . . . Garrison Access . | . . . Data Cores Recovered . | . . . Used . | . . . Hacking Detections 2 | . 1 1 Full Trace Events . | . . . Feedback Events . | . . . Feedback Blocked . | . . . Robot Schematics Acquired . | . . . Robots Built . | . . . Authchips . | . . . Time . | . . . Total Robot Build Rating . | . . . Part Schematics Acquired . | . . . Parts Built . | . . . Authchips . | . . . Time . | . . . Total Part Build Rating . | . . . Part Studies Acquired . | . . . Parts Repaired . | . . . Time . | . . . Parts Recycled . | . . . Recycled Matter 8 | . . 8 Retrieved Matter . | . . . Retrieved Components . | . . . Parts Scanalyzed . | . . . Part Schematics Acquired . | . . . Parts Damaged . | . . . Bothacking | -11 -10 -9 ------------ Run | Yrd Mat Mat Used RIF Installer . | . . . Robots Hacked . | . . . Non-combat . | . . . Combat . | . . . Robot Hacks Applied . | . . . Relay Couplers Released . | . . . Fabnet Peak Effective % . | . . . Robots Rewired . | . . . Allies Hacked . | . . . Hacks Repelled . | . . . Allies | -11 -10 -9 -------- Run | Yrd Mat Mat Total Allies . | . . . Largest Group . | . . . Highest-Rated Group . | . . . Highest-Rated Ally . | . . . Total Orders . | . . . Ally Attacks . | . . . Total Damage . | . . . Kills . | . . . Allies Corrupted . | . . . Allies Melted . | . . . Intel | -11 -10 -9 ------- Run | Yrd Mat Mat Active Infowar (turns) 421 | . 124 297 Terrain 335 | . 124 211 Machine Analysis 86 | . . 86 Robot Analysis Total . | . . . Derelict Logs Recovered . | . . . Drone Launches . | . . . Drone Recoveries . | . . . Exploration | -11 -10 -9 ------------- Run | Yrd Mat Mat Turns Passed 509 | 45 157 307 Spaces Moved 302 | 37 129 136 Core 15 | 14 . 1 Treads . | . . . Legs 256 | 23 129 104 Wheels . | . . . Hover 31 | . . 31 Flight . | . . . Fastest Speed 50 | 50 120 52 Average Speed 110 | 96 120 105 Slowest Speed 150 | 120 120 150 Overloaded Moves . | . . . Propulsion Burnouts . | . . . Robots Hopped . | . . . Potential Cave-ins . | . . . Cave-ins Triggered . | . . . Exploration Rate (%) 13 | 4 20 15 Regions Visited 2 Branch Regions . Pre-discovered Areas . | . . . Known Exits Taken . | . . . Unknown Exits Taken 2 | 1 1 . Scrap Searched . | . . . Spaces Dug . | . . . Terrain Destroyed 6 | . . 6 Melee . | . . . Projectile . | . . . AOE 6 | . . 6 Terrain Rammed . | . . . Walls Destroyed . | . . . Machines Disabled . | . . . Actions | -11 -10 -9 --------- Run | Yrd Mat Mat Total 411 | 46 131 234 Wait 1 | . 1 . Move 300 | 36 128 136 Hop . | . . . Pick Up 30 | 5 1 24 Fast Attach . | . . . Attach 16 | 5 1 10 Detach . | . . . Swap 8 | . . 8 Drop 11 | . . 11 Fire 44 | . . 44 Melee . | . . . Ram 1 | . . 1 Kick . | . . . Crush . | . . . Escape Stasis . | . . . Rewire . | . . . Trap . | . . . Miscellaneous . | . . . Route ------- -11/Scrapyard -10/Materials -9/Materials History --------- Turn | Location | Event 2 | -11/Scrapyard | Met Revision 17 8 | -11/Scrapyard | Discovered new exit (range 16) 46 | -11/Scrapyard | Entered Materials 198 | -10/Materials | Discovered new exit (range 3) 203 | -10/Materials | Entered another Materials area 203 | -9/Materials | Evolved 2 slots: Power x1, Propulsion x1 306 | -9/Materials | Lost 4 parts (2n2w) 310 | -9/Materials | Build established: Mutant 506 | -9/Materials | Core integrity fell below 50% 508 | -9/Materials | Core integrity fell below 20% 511 | -9/Materials | Core destroyed Last Messages --------------- R-06 Scavenger collects Flight Unit. Dropped Faulty Cld. Ion Engine. Acquired Faulty Cld. Ion Engine. Dropped Faulty Cld. Ion Engine. Acquired 53 matter. Overheating: System interference. Beam Rifle temporarily disabled. Machine Analyzer temporarily disabled. Beam Rifle temporarily disabled. R-06 Scavenger collects Flight Unit. Acquired 16 matter. W-16 Scout destroyed. G-34 Mercenary destroyed. Aluminum Leg melted. G-34 Mercenary destroyed. Power failure, Lgt. Ion Engine shutdown. Overheating: Core damaged (-44). Overheating: Core damaged (-80). Power failure, Cld. Ion Engine shutdown. Overheating: Core damaged (-76). Map ----- +----------------------------------------------------+ | ?????????????????????????????????????????????????? | | ?????????????????????????????????????????????????? | | ?????????????????????????????????????????????????? | | ?????????????????????????????????????????????????? | | ?????????????????????????????????????????????????? | | ?????????????????????????????????????????????????? | | ?????????????????????????????????????????????????? | | ?????????????????????????????????????????????????? | | ?????????????????????????????????????????????????? | | ?????????????????????????????????????????????????? | | ???????????????????????####??????????????????????? | | ??????????????????????? ??????????????????????? | | ??????????????????????? ??????????????????????? | | ??????????????????????? #?????????????????????? | | ???????????????????????# #?????????????????????? | | ???????????????????????#^^ #?????????????????????? | | ???????????????????????# #?????????????????????? | | ???????????????????????# +?????????????????????? | | ???????????????????????# #?????????????????????? | | ???????????????????????# #?????????????????????? | | ??????????????????????## ##????????????????????? | | ???????????############ #????????????????????? | | ???????????s w #????????????????????? | | ???????????? sg #????????????????????? | | ????????????????? s!%[ =%!######???????????????? | | ??????????????????????#==@** ????????? | | ??????????????????????###=########???????????????? | | ?????????????????T??????#%#??????????????????????? | | ????????????????????????#[#??????????????????????? | | ????????????????????????#=#??????????????????????? | | ????????????????????????#%#??????????????????????? | | ????????????????????????#=#??????????????????????? | | ????????????????????????# #??????????????????????? | | ????????????????????????#*#??????????????????????? | | ????????????????????????#[#??????????????????????? | | ????????????????????????#[#??????????????????????? | | ????????????????????????#%#??????????????????????? | | ????????????????????#####!#???#####??????????????? | | ???????????########## ! #???# !!#??????????????? | | ?????????? !=##### !#??????????????? | | ????????? T *% = #??????????????? | | ?????????? !! =*= #??????????????? | | ??????????"#######+## = !!#??????????????? | | ???????????????? ? ## !#????#?????????? | | ??????????????#"?????# #####??????????????? | | ???????????????"?????# ##?????????????????? | | ??"????????????"?????# #####??????????????? | | ??T????????????T?????# ???????? | | ??"????????????"?????### ###########????????????? | | ???????????????"???????# #???????????#??????????? | +----------------------------------------------------+ Best States ------------- Heat Dissipation 38 Energy Generation 19 Energy Capacity 305 Matter Stores 300 Matter Capacity 300 Sight Range 16 Terrain Scan Range 14 Terrain Scan Density 10 Evasion (%) 61 Item Schematics ----------------- None Robot Schematics ------------------ None Fabricated ------------ Nothing Repaired ---------- Nothing Studied --------- None Alien Tech Used ----------------- None Achievements -------------- None Challenges ------------ None Game ------ Seed ZioniteLightSink Manual? 0 Play Time 00:16:07 Cumulative 19.4 hours Start 2026.02.22 @ 09:28:52 End 2026.02.22 @ 09:44:38 Sessions 1 Manual Loads 0 Difficulty Rogue Special Mode None Game No. 35 Rogue 35 Adventurer 0 Explorer 0 Win Type - Total 0 Types 0/0/0/0/0/0/0/0/0/0 Lore% 9 Gallery% 19 Achievement% 12 Wizard Run 0 Options --------- Layout 1 ASCII 0 Keyboard 0 Movement Numpad Keybinds 0 Fullscreen 1 Font 32/SmallcapsGlow Map View 50x35 Zoom Use 0% Tactical HUD 0 Map Filters NONE Filters NONE Steam 1 RUN: e090537a-cce2-4150-97ef-fedb8b54ac08